 Dungeon Crawl Stone Soup version 0.28.0-45-g0d030f2227 (webtiles) character file.

Game seed: 11635348623915488196

136 MisterFreud the Slasher (level 4, 0/37 HPs)
             Began as a Palentonga Fighter on May 9, 2022.
             Slain by a ball python (2 damage)
             ... on level 3 of the Dungeon.
             The game lasted 00:04:36 (1863 turns).

MisterFreud the Slasher (Palentonga Fighter)        Turns: 1863, Time: 00:04:36

Health: 0/37       AC:  6    Str: 18 (19) XL:     4   Next: 98%
Magic:  4/4        EV:  7    Int:  7 (9)  God:
Gold:   133        SH:  4    Dex:  9 (11) Spells: 3/3 levels left

rFire   + . .      SeeInvis +   a - +0 long sword
rCold   + . .      Faith    .   c - +0 buckler
rNeg    . . .      Spirit   .   b - +0 scale mail
rPois   +          Reflect  .   (no helmet)
rElec   +          Harm     .   (no cloak)
rCorr   +          Rampage  .   (no gloves)
Will    .....                   (no barding)
Stlth   ..........              (no amulet)
HPRegen 0.12/turn               (no ring)
MPRegen 0.09/turn               (no ring)

@: mighty, lethally poisoned (0 -> -2), resistant, attractive
A: large, rugged brown scales 3, see invisible, deformed body, roll 1, armoured
tail
a: Rolling Charge


You were on level 3 of the Dungeon.
You visited 1 branch of the dungeon, and saw 3 of its levels.

You collected 133 gold pieces.

Inventory:

Hand Weapons
 a - a +0 long sword (weapon)
Armour
 b - a +0 scale mail (worn)
 c - a +0 buckler (worn)
Scrolls
 i - a scroll of fog {unknown}
 j - a scroll of magic mapping {unknown}
 k - a scroll of enchant armour {unknown}
 l - a scroll of torment {unknown}


   Skills:
 - Level 3.0 Fighting
 + Level 5.2 Long Blades
 - Level 2.4 Armour
 - Level 2.4 Shields


You had 3 spell levels left.
You didn't know any spells.
Your spell library was empty.

Dungeon Overview and Level Annotations

Branches:
Dungeon (3/15)

Altars:
Fedhas


Innate Abilities, Weirdness & Mutations

You are completely covered in rugged brown scales. (AC +3, +7% HP)
You have supernaturally acute eyesight. (SInv)
Armour fits poorly on your strangely shaped body.
You can roll at nearby foes to attack.
You have a long armoured tail.


Message History

It was a potion of resistance.
You feel protected.
The adder bites you but does no damage. x2
You feel very mighty all of a sudden.
The ball python bites you but does no damage.
The adder bites you.
* * * LOW HITPOINT WARNING * * *
You closely miss the hound.
The hound is almost dead.
The ball python bites you but does no damage.
The hound bites you.
* * * LOW HITPOINT WARNING * * *
The adder bites you.
* * * LOW HITPOINT WARNING * * *
The ball python bites you.
* * * LOW HITPOINT WARNING * * *
Unknown command.
You slash the hound!
You kill the hound!
The adder bites you.
* * * LOW HITPOINT WARNING * * *
You are poisoned.
The adder poisons you!
The ball python bites you but does no damage.
The adder bites you.
* * * LOW HITPOINT WARNING * * *
You feel your dexterity returning.
Your Long Blades skill increases to level 5!
It was a potion of attraction.
You feel attractive to monsters.
* * * LOW HITPOINT WARNING * * *
You feel sick. You block the adder's attack.
The ball python bites you but does no damage.
The frilled lizard barely misses you.
This is a scroll of acquirement!
You see here a manual of Maces & Flails.
Something appears at your feet!
* * * LOW HITPOINT WARNING * * *
You feel sick. The adder closely misses you. The ball python bites you.
You die...

......#.....#...........
......).....#...........
........................
........................
................w$......
........................
................####....
..............wS####.P.P
...............S@....._.
.............#...l...P.P
....##.......#..........
.....†.......#..........
...........###..........
..........## #..........
.###>#....# ..........P
..........# ..........≈♣
.###.#....#.


You could see a worm, an adder, a ball python and a frilled lizard.

Vanquished Creatures
  A hound (D:3)
  Jessica (D:2)
  A hound skeleton (D:3)
  A dart slug (D:2)
  3 orcs (D:3)
  10 ball pythons
  5 bats
  6 endoplasms
  2 giant cockroaches (D:1)
  5 goblins
  8 hobgoblins
  4 kobolds
  3 quokkas
  3 frilled lizards
  7 rats
60 creatures vanquished.

Vanquished Creatures (others)
  5 plants (D:3)
5 creatures vanquished.

Grand Total: 65 creatures vanquished

Notes
Turn   | Place    | Note
-------+----------+-------------------------------------------
     0 | D:1      | MisterFreud the Palentonga Fighter began the quest for the
                  | Orb.
     0 | D:1      | Reached XP level 1. HP: 19/19 MP: 1/1
   279 | D:1      | Reached XP level 2. HP: 25/25 MP: 2/2
   380 | D:1      | Reached skill level 3 in Long Blades
   803 | D:2      | Noticed Jessica
   809 | D:2      | Killed Jessica
   810 | D:2      | Reached skill level 4 in Long Blades
   810 | D:2      | Reached XP level 3. HP: 15/31 MP: 3/3
  1138 | D:2      | Reached XP level 4. HP: 36/37 MP: 4/4
  1855 | D:3      | Found a blossoming altar of Fedhas.
  1862 | D:3      | Reached skill level 5 in Long Blades
  1863 | D:3      | Identified a scroll of acquirement
  1863 | D:3      | Acquired a manual of Maces & Flails
  1863 | D:3      | Slain by a ball python

Illustrated notes

Levels and vault maps discovered:
D:1:      dpeg_arrival_refuge, layout_basic
D:2:      layout_basic, uniq_jessica
D:3:      layout_basic, fedhas_altar_1, shapermc_ecumenical_altar_acropolis,
          serial_bayou_lagoon_b

Skill      XL: |  1  2  3  4 |
---------------+-------------+-----
Long Blades    | 4 5 |  5.2
Fighting       | |  3.0
Armour         | |  2.4
Shields        | |  2.4

Action                   |  1- 3 |  4- 6 || total
-------------------------+-------+-------++-------
Melee: Long sword        |    79 |    44 ||   123
       Tailslap          |     8 |     5 ||    13
 Abil: Rolling Charge    |    13 |     2 ||    15
  Use: Potion            |       |     4 ||     4
       Scroll            |       |     1 ||     1
Armor: Scale mail        |    35 |    22 ||    57
Dodge: Dodged            |    19 |    18 ||    37
Block: Buckler           |    13 |    11 ||    24
